 Dungeon Sprint DCSS version 0.22.1-1-ga44c0e5 (webtiles) character file.

51186 aMcNicky the Executioner (level 14, -34/140 (143) HPs)
             Began as a Minotaur Fighter on Nov 10, 2018.
             Was the Champion of Dithmenos.
             Killed from afar by a deep elf annihilator (48 damage)
             ... with an iron shot
             ... in the Dungeon (Sprint V: "Ziggurat Sprint").
             The game lasted 00:23:06 (2750 turns).

aMcNicky the Executioner (Minotaur Fighter)         Turns: 2750, Time: 00:23:07

HP:   -34/140 (143) AC: 33    Str: 24    XL:     14   Next: 22%
MP:   20/20         EV: 11    Int: 11    God:    Dithmenos [******]
Gold: 0             SH: 34    Dex: 16    Spells: 13/13 levels left

rFire    + . .     SeeInvis +   L - +6 morningstar of Spite {vamp, rElec Int+8 SInv Stlth-}
rCold    + . .     Gourm    .   G - +18 shield of the Gong {rElec rN+ MR+ EV-5}
rNeg     + . .     Faith    .   V - +15 Maxwell's patent armour {-Cast -Tele rElec MR+ rCorr}
rPois    .         Spirit   .   (helmet restricted)
rElec    +         Reflect  .   (no cloak)
rCorr    +         Harm     .   (no gloves)
MR       ++++.     NoTele   +   (no boots) Stlth ..........NoCast +
                                (no amulet)
HPRegen  0.33/turn              y - +5 ring of slaying
MPRegen  0.17/turn              U - ring of Devotion {rF+ rC+ MR+ Dex+4}

@: lethally poisoned (-34 -> -39), hasted, wreathed by umbra, drained, very
quick
A: retaliatory headbutt, horns 2, dopey 1, low mp 1
a: Shadow Step, Shadow Form, Renounce Religion


You were in the Dungeon.
You worshipped Dithmenos.
Dithmenos was exalted by your worship.
You were hungry.

You visited 1 branch

Inventory:

Hand Weapons
 f - the +10 dark maul {crush}
   (You found it in the Dungeon)

   It inflicts extra damage upon your enemies.
 D - the +9 heavy crossbow "Sniper" {velocity, Acc+∞ SInv}
   (You found it in the Dungeon)

   Any bolt fired from it inflicts extra damage.
   It lets you see invisible.
 E - the +14 obsidian axe {chop, +Fly SInv *Curse}
   (You found it in the Dungeon)

   It inflicts extra damage upon your enemies.
   It lets you see invisible.
   It lets you fly.
   It curses itself when equipped.
 H - a +5 triple crossbow
 K - a +5 executioner's axe
 L - the +6 morningstar of Spite (weapon) {vamp, rElec Int+8 SInv Stlth-}
   (You found it in the Dungeon)

   It inflicts no extra harm, but heals its wielder when it wounds a living foe.
   It affects your intelligence (+8).
   It insulates you from electricity.
   It lets you see invisible.
   It makes you less stealthy.
Missiles
 J - 1030 bolts
Armour
 G - the +18 shield of the Gong (worn) {rElec rN+ MR+ EV-5}
   (You found it in the Dungeon)

   It affects your evasion (-5).
   It insulates you from electricity.
   It protects you from negative energy.
   It affects your resistance to hostile enchantments.
 V - the +15 Maxwell's patent armour (worn) {-Cast -Tele rElec MR+ rCorr}
   (You found it in the Dungeon)

   It insulates you from electricity.
   It affects your resistance to hostile enchantments.
   It prevents spellcasting.
   It prevents most forms of teleportation.
   It provides partial protection from all sources of acid and corrosion.
Jewellery
 a - the cursed ring "Nuym" {+Inv rF+ Int-2}
   (You found it in the Dungeon)

   [ring of intelligence]

   It affects your intelligence (-2).
   It protects you from fire.
   It lets you turn invisible.
   It has a curse placed upon it.
 g - the ring of Feod {rC+ Dex+2}
   (You found it in the Dungeon)

   [ring of protection from cold]

   It affects your dexterity (+2).
   It protects you from cold.
 s - a +6 ring of strength
 y - a +5 ring of slaying (left hand)
 A - an uncursed amulet of harm
 F - an uncursed ring of protection from fire
 M - the ring "Puorphodu" {rCorr Str+3 Dex+2 Slay+4}
   (You found it in the Dungeon)

   [ring of resist corrosion]

   It affects your strength (+3).
   It affects your dexterity (+2).
   It affects your accuracy and damage with ranged weapons and melee attacks
   (+4).
 S - the ring of Qeecs {rPois MR+ SInv}
   (You found it in the Dungeon)

   [ring of see invisible]

   It protects you from poison.
   It affects your resistance to hostile enchantments.
   It lets you see invisible.
 U - the ring of Devotion (right hand) {rF+ rC+ MR+ Dex+4}
   (You found it in the Dungeon)

   [ring of protection from magic]

   It affects your dexterity (+4).
   It protects you from fire.
   It protects you from cold.
   It affects your resistance to hostile enchantments.
 Z - an uncursed ring of wizardry
Wands
 i - a wand of acid (7)
 w - a wand of disintegration (7)
 z - a wand of iceblast (6)
Scrolls
 c - 2 scrolls of brand weapon
 k - 4 scrolls of blinking
 q - 4 scrolls of amnesia
 r - 7 scrolls of fog
 t - 5 scrolls of identify {@r1}
 u - 4 scrolls of remove curse {@r2}
 v - 2 scrolls of fear
 B - 3 scrolls of holy word
 C - 4 scrolls of enchant armour
Potions
 d - 6 potions of might
 e - 10 potions of curing {@q1}
 h - 13 potions of haste {@q3}
 j - a potion of berserk rage
 l - 2 potions of brilliance
 m - 2 potions of invisibility
 n - 4 potions of resistance
 o - a potion of experience
 p - 5 potions of agility
 Y - 7 potions of magic
Miscellaneous
 b - a lamp of fire
 I - a lightning rod (4/4)
 N - 7 boxes of beasts
 O - a fan of gales
 P - a phial of floods
 Q - a fan of gales
 R - a lightning rod (4/4)
 T - 2 phantom mirrors
 X - a sack of spiders
Comestibles
 W - 5 rations {@e1}


   Skills:
 + Level 18.0(17.9) Fighting
 - Level 24.8(24.7) Axes
 * Level 4.0(17.3) Maces & Flails
 + Level 18.1(17.9) Armour
 + Level 13.9(13.8) Dodging
 + Level 18.1(17.9) Shields
 + Level 13.0(12.9) Invocations
 + Level 8.9(8.7) Evocations


You had 13 spell levels left.
You didn't know any spells.
Your spell library contained the following spells:

 Spells                   Type           Power        Failure   Level  Hunger
 Confusing Touch          Hex            #.....       92%         1    ##.....
 Corona                   Hex            #......      92%         1    ##.....
 Freeze                   Ice            #...         92%         1    ##.....
 Magic Dart               Conj           #...         92%         1    ##.....
 Shock                    Conj/Air       #...         92%         1    ##.....
 Summon Butterflies       Summ           #.......     92%         1    ##.....
 Corpse Rot               Necr           N/A          98%         2    ###....
 Ensorcelled Hibernation  Hex/Ice        #.....       98%         2    ###....
 Poisonous Vapours        Pois/Air       #.....       98%         2    ###....
 Searing Ray              Conj           #.....       98%         2    ###....
 Sublimation of Blood     Necr           #.........   98%         2    ###....
 Swiftness                Chrm/Air       #.......     98%         2    ###....
 Throw Frost              Conj/Ice       #.....       98%         2    ###....
 Call Canine Familiar     Summ           #.......     100%        3    ####...
 Confuse                  Hex            #.......     100%        3    ####...
 Conjure Flame            Conj/Fire      #.......     100%        3    ####...
 Dazzling Spray           Conj/Hex       #.....       100%        3    ####...
 Ignite Poison            Fire/Tmut/Pois #.......     100%        3    ####...
 Mephitic Cloud           Conj/Pois/Air  #.......     100%        3    ####...
 Ozocubu's Armour         Chrm/Ice       #.......     100%        3    ####...
 Portal Projectile        Hex/Tloc       #.....       100%        3    ####...
 Spider Form              Tmut/Pois      #.........   100%        3    ####...
 Static Discharge         Conj/Air       #.......     100%        3    ####...
 Summon Guardian Golem    Hex/Summ       #.......     100%        3    ####...
 Tukima's Dance           Hex            #.......     100%        3    ####...
 Airstrike                Air            #.........   100%        4    #####..
 Cause Fear               Hex            #.........   100%        4    #####..
 Force Lance              Conj/Tloc      #.......     100%        4    #####..
 Fulminant Prism          Conj/Hex       #.........   100%        4    #####..
 Iskenderun's Mystic Bla  Conj           #.......     100%        4    #####..
 Leda's Liquefaction      Hex/Erth       #.........   100%        4    #####..
 Olgreb's Toxic Radiance  Pois           #.......     100%        4    #####..
 Summon Ice Beast         Ice/Summ       #.......     100%        4    #####..
 Summon Lightning Spire   Summ/Air       #.......     100%        4    #####..
 Throw Icicle             Conj/Ice       #.......     100%        4    #####..
 Agony                    Necr           #.......     100%        5    ######.
 Alistair's Intoxication  Tmut/Pois      #.......     100%        5    ######.
 Bolt of Draining         Conj/Necr      #.........   100%        5    ######.
 Dispel Undead            Necr           #.......     100%        5    ######.
 Excruciating Wounds      Chrm/Necr      #.........   100%        5    ######.
 Lightning Bolt           Conj/Air       #.........   100%        5    ######.
 Silence                  Hex/Air        #.........   100%        5    ######.
 Summon Mana Viper        Hex/Summ       #.......     100%        5    ######.
 Venom Bolt               Conj/Pois      #.........   100%        5    ######.
 Yara's Violent Unravell  Hex/Tmut       #.........   100%        5    ######.
 Death Channel            Necr           #.........   100%        6    #######
 Deflect Missiles         Chrm/Air       #.........   100%        6    #######
 Freezing Cloud           Conj/Ice/Air   #.........   100%        6    #######
 Haunt                    Necr/Summ      #.........   100%        7    #######
 Malign Gateway           Summ/Tloc      #.........   100%        7    #######
 Monstrous Menagerie      Summ           #.........   100%        7    #######
 Ring of Flames           Chrm/Fire      #.........   100%        7    #######
 Summon Greater Demon     Summ           #.........   100%        7    #######
 Summon Hydra             Summ           #.........   100%        7    #######
 Borgnjor's Revivificati  Necr           #.........   100%        8    #######
 Death's Door             Chrm/Necr      #.........   100%        8    #######
 Discord                  Hex            #.........   100%        8    #######
 Infestation              Necr           #.........   100%        8    #######
 Necromutation            Tmut/Necr      #.........   100%        8    #######
 Summon Horrible Things   Summ           #.........   100%        8    #######


Dungeon Overview and Level Annotations

Branches:
Dungeon (1/1)

Altars:
Ashenzari
Cheibriados
Dithmenos
Elyvilon
Fedhas
Gozag
Hepliaklqana
Kikubaaqudgha
Makhleb
Nemelex Xobeh
Okawaru
Qazlal
Ru
Sif Muna
Trog
Uskayaw
Vehumet
Wu Jian
Xom
Yredelemnul
Zin
The Shining One
Beogh
Jiyva
Lugonu


Innate Abilities, Weirdness & Mutations

You reflexively headbutt those who attack you in melee.
You have a pair of horns on your head.
You are dopey. (Int -2)
Your magical capacity is low. (-10% MP)


Message History

You feel yourself speed up.
You emit a cloud of dark smoke.
You feel sick.
You block the deep elf blademaster's attack.
SHROANNG!
You block the deep elf blademaster's attack.
GONNNNG!
The deep elf blademaster hits you with an enchanted rapier!!
* * * LOW HITPOINT WARNING * * *
The deep elf blademaster misses you.
You block the deep elf annihilator's attack.
BONNNG!
The deep elf knight points at you and mumbles some strange words.
The shard of ice misses you.
The shard of ice hits the fire elemental.
The fire elemental is frozen!
The fire elemental is destroyed!
The deep elf blademaster barely misses you.
The deep elf blademaster hits you but does no damage.
The deep elf annihilator casts a spell at you.
The iron shot hits you!
You die...

......_▓▓...e...§.. ▓........
......8▓▓...............▓........
..}..._▓▓...............▓........
......8▓▓...............▓.......[
..|..._▓▓...............▓........
......8▓▓..§..§.§..§....▓..▓.....
......_▓▓...§.§§E§§.....▓.▓▓▓....
......8▓▓.e§▓§)EeE§.▓.. ▓..▓.....
......_▓▓.§▓§▓§e@eE▓.▓ .▓........
8_8_8_8▓▓.§e▓§§eee§§▓...▓......©.
▓▓▓▓▓▓▓▓▓.§..(e§e§§.....▓▓▓▓▓▓▓▓▓
▓..§.§§(©.......▓.....8©8
▓▓▓▓▓▓▓▓▓▓▓▓▓▓▓▓▓..)..)).
▓..)).(÷) ▓.....)() ▓....()()
▓.....))|


You could see 2 deep elf blademasters, 3 deep elf annihilators, a deep elf
archer, 2 deep elf knights, an earth elemental, 2 fire elementals and an air
elemental.

Vanquished Creatures
  A deep elf master archer (D)
  A deep elf blademaster (D)
  A titan (D)
  An acid blob (D)
  5 storm dragons (D)
  A nagaraja (D)
  A balrug (D)
  A reaper (D)
  An ironheart preserver (D)
  A dire elephant (D)
  2 blizzard demons (D)
  2 merfolk javelineers (D)
  3 death oozes (D)
  A great orb of eyes (D)
  A vault guard (D)
  A deep elf high priest (D)
  An ice dragon (D)
  2 naga warriors (D)
  A centaur warrior (D)
  3 spriggan air magi (D)
  An anaconda (D)
  A dancing weapon (D)
  A spriggan berserker (D)
  2 two-headed ogres (D)
  3 slime creatures (D)
  A shambling mangrove (D)
  A spriggan druid (D)
  An orc knight (D)
  4 draconians (D)
  2 deep elf magi (D)
  An ugly thing (D)
  3 toenail golems (D)
  A shining eye (D)
  5 cyclopes (D)
  A naga mage (D)
  A guardian serpent (D)
  An eye of devastation (D)
  2 rime drakes (D)
  3 yaktaurs (D)
  A freezing wraith (D)
  2 merfolk (D)
  3 hornets (D)
  3 wind drakes (D)
  A hippogriff (D)
  3 flying skulls (D)
  2 air elementals (D)
  4 shadows (D)
  A wraith (D)
  A golden eye (D)
  2 nagas (D)
  2 insubstantial wisps (D)
  A water moccasin (D)
  A floating eye (D)
  An ice beast (D)
  A black bear (D)
  4 necrophages (D)
  4 centaurs (D)
  3 phantoms (D)
  3 earth elementals (D)
  2 wights (D)
  4 jellies (D)
  2 orc wizards (D)
  An orc priest (D)
  2 adders (D)
  5 white imps (D)
  An ufetubus (D)
  2 oozes (D)
  2 adder zombies (D)
  3 adder skeletons (D)
  4 orcs (D)
  2 ball pythons (D)
  4 bat skeletons (D)
  3 bat zombies (D)
  A giant cockroach simulacrum (D)
  A giant cockroach zombie (D)
  A leopard gecko zombie (D)
149 creatures vanquished.

Vanquished Creatures (collateral kills)
  A deep elf master archer (D)
  A titan (D)
  A yaktaur captain (D)
  A centaur warrior (D)
  A two-headed ogre (D)
  A cyclops (D)
  A draconian (D)
  A yaktaur (D)
  A dryad (D)
  An ice devil (D)
  A merfolk (D)
  A wind drake (D)
  A hippogriff (D)
  A wraith (D)
  An ice beast (D)
  A necrophage (D)
  2 centaurs (D)
  An earth elemental (D)
  A bat skeleton (D)
  A quokka zombie (D)
21 creatures vanquished.

Vanquished Creatures (others)
  A deep elf high priest (D)
  3 dancing weapons (D)
  A deep elf knight (D)
  A cyclops (D)
6 creatures vanquished.

Grand Total: 176 creatures vanquished

Notes
Turn   | Place    | Note
-------+----------+-------------------------------------------
     0 | D        | Found the +6 Majin-Bo {vamp, Archmagi MP+6 Int+6}
     0 | D        | Found the +7 great mace "Firestarter" {inner flame, rF++}
     0 | D        | aMcNicky the Minotaur Fighter began the quest for the Orb.
     0 | D        | Reached XP level 1. HP: 19/19 MP: 0/0
     0 | D        | Found a deep blue altar of Sif Muna.
     0 | D        | Found a bloodstained altar of Trog.
     0 | D        | Found a sacrificial altar of Ru.
     0 | D        | Found a stormy altar of Qazlal.
     0 | D        | Found an iron altar of Okawaru.
     3 | D        | Found a sparkling altar of Nemelex Xobeh.
     3 | D        | Found a blossoming altar of Fedhas.
     5 | D        | Found a transporter.
     5 | D        | Found an ancient bone altar of Kikubaaqudgha.
     5 | D        | Found a viscous altar of Jiyva.
     5 | D        | Found a corrupted altar of Lugonu.
     5 | D        | Found a hazy altar of Hepliaklqana.
     5 | D        | Found a burning altar of Makhleb.
     5 | D        | Found an opulent altar of Gozag.
    20 | D        | Found the +9 heavy crossbow "Sniper" {velocity, Acc+∞ SInv}
    20 | D        | Found the +10 dark maul {crush}
    20 | D        | Found the +15 Maxwell's patent armour {-Cast -Tele rElec
                  | MR+ rCorr}
    20 | D        | Found the +18 shield of the Gong {rElec rN+ MR+ EV-5}
    20 | D        | Found the cursed +14 obsidian axe {chop, +Fly SInv *Curse}
    84 | D        | Became a worshipper of Dithmenos the Shadowed
    93 | D        | Entered arena 2.
    93 | D        | Found a transporter.
    96 | D        | Reached skill level 3 in Axes
    98 | D        | Reached skill level 4 in Axes
    98 | D        | Reached XP level 2. HP: 28/28 MP: 1/1
   108 | D        | Entered arena 3.
   108 | D        | Found a transporter.
   111 | D        | Reached * piety under Dithmenos
   113 | D        | Reached skill level 5 in Fighting
   113 | D        | Reached skill level 5 in Axes
   113 | D        | Reached skill level 5 in Armour
   113 | D        | Reached skill level 5 in Shields
   113 | D        | Reached XP level 3. HP: 32/36 MP: 2/2
   113 | D        | Reached skill level 6 in Axes
   113 | D        | Reached XP level 4. HP: 38/42 MP: 3/3
   140 | D        | Entered arena 4.
   140 | D        | Found a transporter.
   142 | D        | Reached ** piety under Dithmenos
   142 | D        | Reached skill level 7 in Axes
   151 | D        | Entered arena 5.
   151 | D        | Noticed a two-headed ogre
   151 | D        | Noticed a cyclops
   151 | D        | Noticed a two-headed ogre
   151 | D        | Noticed a two-headed ogre
   151 | D        | Found a transporter.
   155 | D        | Killed a two-headed ogre
   155 | D        | Reached *** piety under Dithmenos
   155 | D        | Reached skill level 11 in Axes
   155 | D        | Reached XP level 5. HP: 34/57 MP: 4/4
   155 | D        | Reached XP level 6. HP: 37/63 MP: 5/5
   155 | D        | Reached XP level 7. HP: 42/70 MP: 6/6
   156 | D        | Killed a two-headed ogre
   156 | D        | Reached skill level 10 in Fighting
   156 | D        | Reached skill level 13 in Axes
   156 | D        | Reached skill level 10 in Armour
   156 | D        | Reached skill level 10 in Shields
   156 | D        | Reached XP level 8. HP: 48/80 MP: 7/7
   157 | D        | Killed a cyclops
   157 | D        | Reached skill level 14 in Axes
   157 | D        | Killed a two-headed ogre
   157 | D        | Reached XP level 9. HP: 35/89 MP: 8/8
   389 | D        | Got Ottius's Handbook of Ashen Necromancy
   393 | D        | Entered arena 6.
   393 | D        | Noticed a draconian
   393 | D        | Noticed a draconian
   393 | D        | Noticed a draconian
   393 | D        | Noticed a draconian
   393 | D        | Noticed a draconian
   393 | D        | Found a transporter.
   397 | D        | Killed a draconian
   397 | D        | Reached **** piety under Dithmenos
   397 | D        | Reached skill level 15 in Axes
   397 | D        | Reached skill level 1 in Invocations
   399 | D        | Killed a draconian
   401 | D        | Killed a draconian
   402 | D        | Killed a draconian
   402 | D        | Reached skill level 16 in Axes
   402 | D        | Noticed a red devil
   403 | D        | Killed a draconian
   403 | D        | Reached ***** piety under Dithmenos
   412 | D        | Got the ring of New Discoveries {+Fly rPois}
   416 | D        | Entered arena 7.
   417 | D        | Found a transporter.
   421 | D        | Reached XP level 10. HP: 99/99 MP: 10/12
   433 | D        | Got the ring of Devotion {rF+ rC+ MR+ Dex+4}
   438 | D        | Entered arena 8.
   438 | D        | Noticed an ironheart preserver
   438 | D        | Noticed a vault guard
   438 | D        | Noticed a white ugly thing
   438 | D        | Noticed an orc knight
   439 | D        | Found a transporter.
   443 | D        | Killed an orc knight
   443 | D        | Reached skill level 5 in Dodging
   446 | D        | Killed a white ugly thing
   446 | D        | Reached skill level 5 in Invocations
   446 | D        | Killed an ironheart preserver
   446 | D        | Reached skill level 17 in Axes
   446 | D        | Killed a vault guard
   446 | D        | Reached ****** piety under Dithmenos
   493 | D        | Entered arena 9.
   493 | D        | Noticed a toenail golem
   493 | D        | Noticed a toenail golem
   493 | D        | Noticed a toenail golem
   494 | D        | Found a transporter.
   497 | D        | Killed a toenail golem
   502 | D        | Killed a toenail golem
   503 | D        | Killed a toenail golem
   522 | D        | Got the cursed ring "Nuym" {+Inv rF+ Int-2}
   528 | D        | Entered arena 10.
   529 | D        | Found a transporter.
   531 | D        | Reached XP level 11. HP: 107/107 MP: 13/15
   537 | D        | Reached skill level 18 in Axes
   569 | D        | Entered arena 11.
   570 | D        | Found a transporter.
   599 | D        | Entered arena 12.
   599 | D        | Noticed a spriggan berserker
   599 | D        | Noticed a spriggan air mage
   599 | D        | Noticed a shambling mangrove
   599 | D        | Noticed a spriggan druid
   599 | D        | Noticed a dire elephant
   600 | D        | Noticed a spriggan air mage
   601 | D        | Found a transporter.
   602 | D        | Noticed a death yak
   605 | D        | Killed a spriggan druid
   608 | D        | Killed a spriggan berserker
   610 | D        | Killed a spriggan air mage
   610 | D        | Reached skill level 19 in Axes
   612 | D        | Killed a spriggan air mage
   613 | D        | Killed a shambling mangrove
   613 | D        | Killed a dire elephant
   613 | D        | Reached skill level 20 in Axes
   857 | D        | Got the ring of Qeecs {rPois MR+ SInv}
   861 | D        | Got the Reference Book on the Creative Mountains
   870 | D        | Entered arena 13.
   870 | D        | Noticed a balrug
   870 | D        | Noticed a reaper
   880 | D        | Killed a balrug
   883 | D        | Reached skill level 15 in Shields
   884 | D        | Killed a reaper
   884 | D        | Reached skill level 15 in Fighting
   884 | D        | Reached skill level 21 in Axes
   884 | D        | Reached skill level 15 in Armour
   884 | D        | Reached skill level 10 in Dodging
   884 | D        | Reached XP level 12. HP: 63/119 MP: 17/17
   889 | D        | Found a transporter.
  1100 | D        | Got the Disquisition on Contamination
  1111 | D        | Entered arena 14.
  1116 | D        | Noticed an ice dragon
  1116 | D        | Noticed a blizzard demon
  1126 | D        | Killed an ice dragon
  1126 | D        | Reached skill level 1 in Evocations
  1130 | D        | Killed a blizzard demon
  1135 | D        | Found a transporter.
  1135 | D        | Noticed a blizzard demon
  1142 | D        | Killed a blizzard demon
  1144 | D        | Reached skill level 22 in Axes
  1247 | D        | Got the +6 morningstar of Spite {vamp, rElec Int+8 SInv
                  | Stlth-}
  1250 | D        | Entered arena 15.
  1253 | D        | Found the +2 shield of Resistance {rF+ rC+ MR+}
  1254 | D        | Found a transporter.
  1262 | D        | Reached skill level 10 in Invocations
  1282 | D        | Entered arena 16.
  1283 | D        | Noticed an anaconda
  1283 | D        | Noticed a nagaraja
  1284 | D        | Noticed a naga warrior
  1284 | D        | Noticed a naga warrior
  1285 | D        | Found a transporter.
  1288 | D        | Killed an anaconda
  1293 | D        | Killed a nagaraja
  1300 | D        | Killed a naga warrior
  1308 | D        | Killed a naga warrior
  1317 | D        | Got Caul's Almanac of the Ensnaring Snowflakes
  1427 | D        | Entered arena 17.
  1430 | D        | Noticed a storm dragon
  1430 | D        | Noticed a storm dragon
  1430 | D        | Noticed a titan
  1430 | D        | Noticed a storm dragon
  1430 | D        | Noticed a storm dragon
  1431 | D        | Noticed a storm dragon
  1431 | D        | Noticed a titan
  1431 | D        | Noticed a spriggan air mage
  1432 | D        | Found a transporter.
  1437 | D        | Killed a storm dragon
  1441 | D        | Killed a spriggan air mage
  1442 | D        | Killed a storm dragon
  1442 | D        | Reached skill level 5 in Evocations
  1442 | D        | Reached XP level 13. HP: 62/129 MP: 18/20
  1442 | D        | Killed a titan
  1442 | D        | Reached skill level 23 in Axes
  1446 | D        | Killed a storm dragon
  1450 | D        | Killed a storm dragon
  1465 | D        | Killed a storm dragon
  1472 | D        | Killed a titan
  1795 | D        | Got the ring "Puorphodu" {rCorr Str+3 Dex+2 Slay+4}
  1816 | D        | Entered arena 18.
  1819 | D        | Noticed a merfolk javelineer
  1819 | D        | Noticed a merfolk javelineer
  1820 | D        | Found the +5 pair of quick blades "Gyre" and "Gimble"
                  | {pierce, Dex-3}
  1820 | D        | Noticed a deep elf master archer
  1820 | D        | Noticed a deep elf master archer
  1821 | D        | Found a transporter.
  1831 | D        | Killed a deep elf master archer
  1832 | D        | HP: 4/130 [deep elf master archer/arrow (13)]
  1832 | D        | HP: 1/130 [yaktaur captain/uncursed staff of earth (3)]
  1836 | D        | Killed a deep elf master archer
  1836 | D        | Reached skill level 24 in Axes
  1839 | D        | Killed a merfolk javelineer
  1843 | D        | Killed a merfolk javelineer
  2233 | D        | Entered arena 19.
  2237 | D        | Noticed a death ooze
  2237 | D        | Noticed an acid blob
  2237 | D        | Noticed a death ooze
  2237 | D        | Noticed a death ooze
  2237 | D        | Found a transporter.
  2241 | D        | Gained mutation: Your magical capacity is low. (-10% MP) [a
                  | shining eye]
  2243 | D        | Killed an acid blob
  2245 | D        | Paralysed by a floating eye for 3 turns
  2247 | D        | Gained mutation: You are dopey. (Int -2) [a shining eye]
  2254 | D        | Killed a death ooze
  2254 | D        | Reached XP level 14. HP: 104/140 MP: 20/20
  2274 | D        | HP: 5/138 [disintegration (33)]
  2293 | D        | Reached skill level 1 in Maces & Flails
  2297 | D        | Got the ring of Feod {rC+ Dex+2}
  2693 | D        | Got the amulet "Tuybuoc" {rC+ Regen+ Str+6}
  2717 | D        | Entered arena 20.
  2725 | D        | Noticed a deep elf blademaster
  2733 | D        | Noticed a deep elf blademaster
  2734 | D        | Noticed a deep elf blademaster
  2742 | D        | Killed a deep elf blademaster
  2750 | D        | Killed from afar by a deep elf annihilator

Skill      XL: |  1  2  3  4  5  6  7  8  9 10 11 12 13 14 |
---------------+-------------------------------------------+-----
Fighting       | 4 5 9 10 11 12 13 15 16 17 18 | 18.0
Axes           | 4 5 6 11 13 14 16 17 21 22 24 | 24.8
Armour         | 4 5 9 10 11 12 13 15 16 17 18 | 18.1
Shields        | 4 5 9 10 11 12 13 15 16 17 18 | 18.1
Dodging        | 4 7 10 11 13 | 13.9
Invocations    | 4 6 9 10 12 13 | 13.0
Evocations     | 5 8 |  8.9
Maces & Flails | 4 |  4.0

Action                   |  1- 3 |  4- 6 |  7- 9 | 10-12 | 13-15 || total
-------------------------+-------+-------+-------+-------+-------++-------
Melee: Broad axe         |     7 |     6 |    16 |   121 |    34 ||   184
       Headbutt          |     1 |     1 |     3 |    29 |    29 ||    63
       Morningstar       |       |       |       |       |    66 ||    66
Invok: Shadow Step       |       |       |       |       |     1 ||     1
Evoke: Wand              |       |       |       |       |     1 ||     1
  Use: Potion            |       |       |       |     5 |    12 ||    17
       Scroll            |       |       |       |       |     1 ||     1
 Stab: Distracted        |       |       |       |     4 |       ||     4
  Eat: Chunk             |       |       |       |     2 |     1 ||     3
       Ration            |       |       |       |       |     2 ||     2
Armor: Plate armour      |    11 |     5 |     2 |    41 |    94 ||   153
Dodge: Dodged            |       |       |       |    21 |    63 ||    84
Block: Shield            |    10 |    12 |    19 |   157 |   252 ||   450
